 Dungeon Crawl Stone Soup version 0.21-a0-111-g52d2817 (webtiles) character file.

56 sagitran the Skirmisher (level 3, 0/29 HPs)
             Began as a Demonspawn Abyssal Knight on July 11, 2017.
             Was a Follower of Lugonu.
             Slain by an ooze (1 damage)
             ... on level 2 of the Dungeon.
             The game lasted 00:07:21 (1727 turns).

sagitran the Skirmisher (Demonspawn Abyssal Knight) Turns: 1727, Time: 00:07:21

Health: 0/29       AC:  4    Str: 13    XL:     3   Next: 69%
Magic:  5/5        EV: 11    Int: 17    God:    Lugonu [*.....]
Gold:   103        SH:  4    Dex: 12    Spells: 2/2 levels left

rFire    . . .     SeeInvis .   a - +1 spear
rCold    . . .     Gourm    .   (no shield)
rNeg     . . .     Faith    .   b - +0 leather armour
rPois    .         Spirit   .   l - +0 helmet
rElec    .         Reflect  .   (no cloak)
rCorr    .         Harm     .   (no gloves)
MR       .....                  (no boots)
Stlth    +.........             (no amulet)
HPRegen  0.09/turn              e - +4 ring of intelligence
MPRegen  0.09/turn              (no ring)

@: no status effects
A: large bone plates 1, powered by death 1
a: Depart the Abyss, Renounce Religion


You were on level 2 of the Dungeon.
You worshipped Lugonu.
Lugonu was aware of your devotion.
You were not hungry.

You visited 1 branch of the dungeon, and saw 3 of its levels.
You visited the Abyss 1 time.

You collected 103 gold pieces.

Inventory:

Hand Weapons
 a - a +1 spear (weapon)
 m - a +0 long sword
Missiles
 j - 155 stones (quivered)
Armour
 b - a +0 leather armour (worn)
 l - a +0 helmet (worn)
Jewellery
 e - a +4 ring of intelligence (left hand)
Scrolls
 d - 2 scrolls of identify {unknown}
 f - a scroll of enchant armour {unknown}
 g - a scroll of remove curse {unknown}
Potions
 k - a potion of cancellation {unknown}
Comestibles
 c - 3 bread rations
 i - 2 meat rations


   Skills:
 + Level 3.5 Fighting
 + Level 2.5 Polearms
 + Level 2.3 Armour
 + Level 1.0 Dodging
 + Level 0.2 Stealth
 + Level 2.8 Invocations


You had 2 spell levels left.
You didn't know any spells.

Dungeon Overview and Level Annotations

Branches:
Dungeon (3/15)

Altars:
Xom


Innate Abilities, Weirdness & Mutations

You are partially covered in large bone plates. (SH +4)
You regenerate a little health from kills.


Message History

You feel sick.
You are no longer poisoned.
Found 13 sling bullets.
A goblin comes into view. It is wielding a club.
The goblin shouts!
Found a potion of curing.
An ooze and a goblin come into view.
The ooze quivers.
Found a scroll labeled VAWYOJIFYMA.
You hit the kobold.
You kill the kobold!
Lugonu accepts your kill.
Attack whom?
Press: ? - help, Dir - move target cursor, f - goblin
Aim: a goblin, wielding a club You reach to attack!
You barely miss the goblin. The goblin hits you with a club.
* * * LOW HITPOINT WARNING * * *
The ooze hits you.
You die...

..#....##<# ##..#.....#
.# ..######### #..#.###.#
# #.# .. # #..#.###.#.#.
#.##.####.# #............
.....#.. .# ##.##†....#.
..##.#.#..#.#......g#.#.#
.#####.#..#.............#
..........#.....g..##.###
...............!@J.(....#
##.....#.##....#....#.#.#
.........##.####....# #
.. ##.....#.##. ##.#.# .
#.).###.# #.#.?.
#..<....# #.####.
...##.#### #.. . ... ...
.. ### ####


You could see an ooze and 2 goblins.

Vanquished Creatures
  An adder (D:2)
  3 dart slugs
  2 leopard geckos (D:1)
  5 bats
  2 giant cockroaches (D:1)
  2 goblins (D:1)
  8 hobgoblins
  2 jackals (D:2)
  3 kobolds
  2 ball pythons
  5 rats
35 creatures vanquished.

Notes
Turn   | Place    | Note
-------+----------+-------------------------------------------
     0 | Abyss:1  | sagitran the Demonspawn Abyssal Knight began the quest for the Orb.
     0 | Abyss:1  | Reached XP level 1. HP: 18/18 MP: 2/2
    21 | Abyss:1  | Noticed an orange demon
    32 | D:1      | Escaped the Abyss
   224 | D:1      | Reached * piety under Lugonu
   375 | D:2      | Gained mutation: You regenerate a little health from kills. [demonic ancestry]
   375 | D:2      | Reached XP level 2. HP: 24/24 MP: 3/3
  1006 | D:1      | Gained mutation: You are partially covered in large bone plates. (SH +4) [demonic ancestry]
  1006 | D:1      | Reached XP level 3. HP: 29/29 MP: 5/5
  1337 | D:2      | Reached skill level 1 in Dodging
  1589 | D:2      | Found a shimmering altar of Xom.
  1726 | D:2      | HP: 1/29 [goblin/club (2)]
  1727 | D:2      | Slain by an ooze

Vault maps used:
D:1:      dpeg_arrival_pond
D:2:      xom_teletrap_fun
D:3:      elyvilon_altar_5, kennysheep_generic_room_5

Skill      XL: |  1  2  3 |
---------------+----------+-----
Polearms       | 2 |  2.5
Armour         | 2 |  2.3
Dodging        | 1 |  1.0
Fighting       | |  3.5
Stealth        | |  0.2
Invocations    | |  2.8

Action                   || total
-------------------------++-------
Melee: Spear             ||   137
       Long sword        ||     6
Throw: Stone             ||     7
Invok: Depart the Abyss  ||     1
  Use: Potion            ||     1
 Stab: Sleeping          ||     1
  Eat: Bread ration      ||     1
Armor: Leather armour    ||    36
Dodge: Dodged            ||    77
Block: Other             ||    14
       Rpst.: Long sword ||     1
